Map: 冰雪合金-天梯版

Players

栗花落香奈乎 - Winner!

  • Race: Zerg Zerg
  • League: Gold

电脑难度(新手)

  • Race: Terran Terran

VOD

Have the link to the VOD?

Description

Time

  • Played on: Aug. 3, 2020, 9:29 p.m.
  • Length: 4:43
Show
View Real Time Build Order
Export as new Build Order

栗花落香奈乎 Zerg - Winner!

Build Orders: Hatch First 

Get SALT Encoding   

  12  0:02  Drone  
  13  0:09  Drone  
  14  0:17  Overlord  
  14  0:42  Hatchery  
  13  0:46  Drone  
  15  0:50  Drone  
  15  0:54  Drone  
  16  1:05  Drone  
  17  1:18  Spawning Pool  
  16  1:24  Extractor  
  16  1:25  Drone x2  
  16  1:30  Drone  
  18  1:40  Drone  
  19  1:51  Overlord  
  19  1:59  Overlord  
  19  2:03  Overlord  
  19  2:05  Queen  
  21  2:11  Queen  
  23  2:25  Metabolic Boost  
  23  2:30  Zergling x2  
  23  2:31  Zergling x4  
  23  2:35  Zergling x2  
  23  2:36  Zergling x2  
  28  2:38  Zergling x2  
  29  2:46  Zergling x2  
  29  2:49  Zergling x2  
  31  2:54  Zergling x2  
  31  2:57  Zergling x2  
  33  3:04  Zergling x2  
  34  3:09  Zergling x2  
  35  3:14  Zergling x2  
  35  3:15  Zergling x4  
  35  3:16  Zergling x2  
  39  3:22  Zergling x2  
  39  3:23  Zergling x4  
  39  3:26  Zergling x2  
  43  3:32  Zergling x4  
  45  3:38  Zergling x2  
  45  3:48  Zergling x4  
  45  3:53  Zergling x2  
  48  4:03  Zergling x8  
  48  4:05  Overlord  
  52  4:18  Baneling Nest  
  50  4:25  Drone  
Show
View Real Time Build Order
Export as new Build Order

电脑难度(新手) Terran 

Build Orders: Reaper Expand 

Get SALT Encoding   

  12  0:00  SCV  
  13  0:13  SCV  
  14  0:18  Supply Depot  
  14  0:41  Barracks  
  14  1:03  Command Center  
  14  1:30  Orbital Command, Supply Depot  
  14  1:31  Marine  
  15  1:35  Refinery  
  15  1:47  Refinery  
  15  1:55  SCV  
  16  2:07  SCV  
  17  2:15  Reaper  
  18  2:20  SCV  
  18  2:21  SCV  
  20  2:32  SCV  
  20  2:35  SCV  
  22  2:44  SCV  
  23  2:52  Refinery  
  23  2:54  SCV  
  23  2:57  Marine  
  25  3:01  SCV  
  26  3:08  SCV  
  27  3:13  Factory  
  27  3:15  SCV  
  28  3:35  Refinery  
  28  3:36  SCV  
  28  3:40  Marine  
  30  3:43  SCV  
  28  3:50  SCV  
  25  3:58  SCV  
  19  4:04  Starport  
  19  4:05  SCV  
  18  4:10  Hellion  
  17  4:17  SCV  
  15  4:29  SCV  
Tags
 
Add a new tag
Caveats
  • Supply blocks, unpowered buildings, or Contaminate may cause inaccurate times.
  • Supply counts are checked every 10 seconds.